 Dungeon Crawl Stone Soup version 0.27.1-3-gb3d3a73c9e (webtiles) character file.

Game seed: 2955247954333691517

3443 raph the Geomancer (level 9, -1/52 HPs)
             Began as a Deep Elf Earth Elementalist on Oct 9, 2021.
             Was a Follower of Vehumet.
             Shot with an arrow by a centaur (8 damage)
             ... on level 9 of the Dungeon.
             The game lasted 00:20:44 (10293 turns).

raph the Geomancer (Deep Elf Earth Elementalist)   Turns: 10293, Time: 00:20:45

Health: -1/52      AC:  9    Str:  6    XL:     9   Next: 77%
Magic:  14/21      EV: 16    Int: 23    God:    Vehumet [*.....]
Gold:   220        SH:  0    Dex: 21    Spells: 3/22 levels left

rFire    + . .     SeeInvis .   a - +1 dagger (venom)
rCold    . . .     Faith    .   (no shield)
rNeg     . . .     Spirit   .   o - +1 robe {rF+}
rPois    .         Reflect  .   l - +2 helmet
rElec    .         Harm     .   t - +2 cloak {rCorr}
rCorr    +         Rampage  .   (no gloves)
Will     .....                  (no boots)
Stlth    +++.......             C - amulet of regeneration
HPRegen  1.17/turn              k - +6 ring of dexterity
MPRegen  0.17/turn              (no ring)

@: lethally poisoned (-1 -> -17)
A: no striking features
a: Renounce Religion


You were on level 9 of the Dungeon.
You worshipped Vehumet.
Vehumet was aware of your devotion.
You visited 2 branches of the dungeon, and saw 10 of its levels.
You also visited: Sewer.

You collected 340 gold pieces.
You spent 120 gold pieces at shops.

Inventory:

Hand Weapons
 a - a +1 dagger of venom (weapon)
 f - a +0 dagger
 w - a +4 vorpal short sword
Missiles
 c - 100 stones
 e - 20 poisoned darts
 r - 5 silver javelins
Armour
 b - a +0 robe
 l - a +2 helmet (worn)
 o - a +1 robe of fire resistance (worn)
 s - a scarf of resistance
 t - a +2 cloak of preservation (worn)
 E - +0 acid dragon scales
Magical Staves
 D - a staff of conjuration
Jewellery
 k - a +6 ring of dexterity (left hand)
 C - an amulet of regeneration (around neck)
Wands
 i - a wand of paralysis (7)
 v - a wand of charming (19)
 z - a wand of flame (18)
Scrolls
 d - 3 scrolls of teleportation
 n - a scroll of immolation
 y - a scroll of identify
 B - a scroll of blinking
Potions
 g - 2 potions of flight
 h - a potion of attraction
 j - a potion of magic
 m - 2 potions of curing
 p - a potion of might
 q - a potion of resistance
 x - 2 potions of berserk rage
 F - a potion of haste


   Skills:
 + Level 3.9 Fighting
 - Level 1.7 Armour
 + Level 6.2 Dodging
 - Level 4.9 Stealth
 + Level 7.2 Spellcasting
 * Level 5.2 Conjurations
 - Level 6.4 Hexes
 - Level 1.1 Transmutations
 * Level 1.5 Fire Magic
 * Level 8.5 Earth Magic


You had 3 spell levels left.
You knew the following spells:

 Your Spells              Type           Power      Damage    Failure   Level
a - Sandblast             Erth           94%        2d19      1%          1
b - Passwall              Tmut/Erth      25%        N/A       1%          2
c - Stone Arrow           Conj/Erth      78%        3d11      1%          3
d - Petrify               Tmut/Erth      30%        N/A       11%         4
e - Corona                Hex            41%        N/A       1%          1
f - Tukima's Dance        Hex            37%        N/A       1%          3
g - Bolt of Magma         Conj/Fire/Erth 15%        4d9       26%         5

Your spell library contained the following spells:

 Spells                   Type           Power      Damage    Failure   Level
 Freeze                   Ice            32%        1d5       8%          1
 Ensorcelled Hibernation  Hex/Ice        46%        N/A       3%          2
 Beastly Appendage        Tmut           26%        N/A       4%          1
 Static Discharge         Conj/Air       20%        N/A       4%          2
 Apportation              Tloc           16%        N/A       8%          1
 Wereblood                Tmut           13%        N/A       8%          2
 Spider Form              Tmut/Pois      5%         N/A       19%         3
 Sticky Flame             Conj/Fire      23%        2d4       19%         4
 Dispel Undead            Necr           8%         3d8       58%         4
 Invisibility             Hex            18%        N/A       63%         6
 Freezing Cloud           Conj/Ice/Air   8%         6-21      71%         5
 Alistair's Intoxication  Tmut/Pois      6%         N/A       86%         5
 Simulacrum               Ice/Necr       4%         N/A       100%        6
 Chain Lightning          Conj/Air       10%        3d13      100%        9


Dungeon Overview and Level Annotations

Branches:
Dungeon (10/15)            Temple (1/1) D:5           Sewer (visited)
   Lair: D:8-11         Orc: D:9-12

Altars:
Ashenzari
Cheibriados
Dithmenos
Elyvilon
Gozag
Makhleb
Nemelex Xobeh
Okawaru
Qazlal
Ru
Sif Muna
Trog
Uskayaw
Vehumet
Wu Jian
Xom
Yredelemnul
Zin
The Shining One

Shops:
D:7 !


Message History

The orc warrior shouts!
Casting: Passwall (safe; 1% risk of failure)
Confirm with . or Enter, or press ? or * to list all spells.
Aiming: Stone Arrow (safe; 1% risk of failure)
Press: ? - help, Shift-Dir - straight line, f - orc warrior
Aim: an orc warrior, wielding a +1 trident of venom and wearing a +0 plate armour (74% to hit)
The stone arrow hits the orc warrior!
The orc warrior is moderately wounded.
The centaur wields a +0 shortbow.
The centaur shoots an arrow.
The arrow misses you.
Casting: Stone Arrow (safe; 1% risk of failure)
Confirm with . or Enter, or press ? or * to list all spells.
Aiming: Stone Arrow (safe; 1% risk of failure)
Press: ? - help, Shift-Dir - straight line, f/p - orc warrior
Aim: an orc warrior, wielding a +1 trident of venom and wearing a +0 plate armour (moderately wounded, 74% to hit)
The stone arrow hits the orc warrior!
The orc warrior is severely wounded.
The centaur shoots an arrow.
The arrow closely misses you.
The orc warrior hits you from afar with a +1 trident of venom!
You are poisoned.
Okay, then.
Aiming: Sandblast (safe; 1% risk of failure)
Press: ? - help, Q - select action, (/) - cycle Shift-Dir - straight line, f/p - orc warrior
Aim: an orc warrior, wielding a +1 trident of venom and wearing a +0 plate armour (severely wounded, 83% to hit)
The blast of sand hits the orc warrior.
The orc warrior is almost dead.
You feel very sick.
The orc warrior hits you from afar with a +1 trident of venom!
You are lethally poisoned!
The centaur shoots an arrow.
The arrow hits you!
* * * LOW HITPOINT WARNING * * *
Okay, then.
As you read the scroll of fog, it crumbles to dust.
The scroll dissolves into smoke.
* * * LOW HITPOINT WARNING * * *
You feel extremely sick.
The centaur shoots an arrow.
The arrow misses you. The orc warrior closely misses you.
The centaur shoots an arrow.
The arrow hits you!
You die...

......#####..#
#......ooo..#
##########..##
##########.#
##..)....##.##
##.......c.##.####
##..§........#....####
#...§§§......).##....#
#...§@§o.......#####..
#....§§§§........# ###
#...§§...........#
##..............##
#...........####
#############


You could see an orc warrior and a centaur.

Vanquished Creatures
  An efreet (D:9)
  A hornet (D:7)
  A vampire (D:10)
  Eustachio (D:4)
  An acid dragon (D:6)
  A water moccasin (D:6)
  Duvessa (D:7)
  2 orc warriors (D:10)
  2 ice beasts (D:6)
  2 black bears
  2 phantoms
  A kobold brigand (D:6)
  3 bullfrogs
  Dowan (D:7)
  4 scorpions
  A water moccasin skeleton (D:6)
  3 killer bees (D:7)
  4 wights (D:7)
  3 howler monkeys (D:10)
  A centaur zombie (D:9)
  2 centaur skeletons
  A gnoll shaman (D:6)
  4 iguanas
  A bullfrog skeleton (D:4)
  5 orc wizards
  12 gnolls
  A howler monkey skeleton (D:6)
  6 adders
  A shadow imp (D:5)
  2 white imps
  2 ufetubi (D:4)
  2 worms
  5 dart slugs
  16 orcs
  11 ball pythons
  3 endoplasms
  10 giant cockroaches
  7 goblins
  8 hobgoblins
  4 quokkas
  5 bats
  9 frilled lizards
  11 kobolds
  2 rats (D:1)
166 creatures vanquished.

Vanquished Creatures (collateral kills)
  An orc (D:6)
1 creature vanquished.

Grand Total: 167 creatures vanquished

Notes
Turn   | Place    | Note
-------+----------+-------------------------------------------
     0 | D:1      | raph the Deep Elf Earth Elementalist began the quest for
                  | the Orb.
     0 | D:1      | Reached XP level 1. HP: 10/10 MP: 6/6
   466 | D:1      | You fall into a shaft and drop 1 floor!
   527 | D:1      | Reached XP level 2. HP: 15/15 MP: 8/8
   727 | D:1      | Learned a level 2 spell: Passwall
   858 | D:1      | Found a faded altar of an unknown god.
   859 | D:1      | You fall into a shaft and drop 1 floor!
  1417 | D:2      | Reached XP level 3. HP: 16/20 MP: 6/9
  1421 | D:2      | Learned a level 3 spell: Stone Arrow
  1757 | D:2      | Found an opulent altar of Gozag.
  1763 | D:2      | Reached skill level 4 in Earth Magic
  2099 | D:3      | Reached XP level 4. HP: 24/24 MP: 4/11
  2169 | D:3      | Found a glowing drain.
  2219 | Sewer    | Entered a sewer
  2334 | Sewer    | Reached skill level 1 in Fighting
  2545 | Sewer    | Learned a level 4 spell: Petrify
  2552 | Sewer    | Noticed a bullfrog
  2560 | Sewer    | Killed a bullfrog
  2561 | Sewer    | Reached skill level 1 in Conjurations
  2561 | Sewer    | Reached XP level 5. HP: 29/29 MP: 5/12
  3684 | D:3      | Found a sparkling altar of Nemelex Xobeh.
  3822 | D:3      | Noticed a black bear
  3827 | D:3      | Killed a black bear
  3828 | D:3      | Reached skill level 5 in Earth Magic
  3828 | D:3      | Reached XP level 6. HP: 35/35 MP: 9/14
  5203 | D:4      | Reached XP level 7. HP: 40/40 MP: 7/16
  5307 | D:4      | Noticed Eustachio
  5341 | D:4      | Killed Eustachio
  5342 | D:4      | Reached skill level 5 in Spellcasting
  5545 | D:4      | Reached skill level 6 in Earth Magic
  5856 | D:5      | Entered Level 5 of the Dungeon
  5974 | D:5      | Identified a scroll of acquirement
  5974 | D:5      | Acquired a +2 cloak of preservation
  6284 | D:5      | Learned a level 1 spell: Corona
  6288 | D:5      | Learned a level 3 spell: Tukima's Dance
  6552 | D:5      | Found a staircase to the Ecumenical Temple.
  6558 | D:5      | Reached skill level 1 in Hexes
  6620 | Temple   | Entered the Ecumenical Temple
  6768 | Temple   | Became a worshipper of Vehumet
  6828 | D:5      | Reached XP level 8. HP: 45/45 MP: 15/18
  7439 | D:6      | Found a hide-covered altar of Uskayaw.
  7467 | D:6      | Reached skill level 5 in Dodging
  7924 | D:6      | Reached skill level 7 in Earth Magic
  8175 | D:6      | Found Fiqin's Serpentskin Sales.
  8713 | D:6      | Got Rohehy's Almanac of the Snowflakes and Battle Magic
  9109 | D:7      | Got the Disquisition on Flight
  9127 | D:7      | Reached XP level 9. HP: 51/51 MP: 10/20
  9212 | D:7      | Reached skill level 5 in Hexes
  9283 | D:7      | Reached skill level 1 in Armour
  9283 | D:7      | Reached * piety under Vehumet
  9283 | D:7      | Offered knowledge of Freeze by Vehumet.
  9542 | D:7      | Noticed Duvessa
  9546 | D:7      | Noticed Dowan
  9547 | D:7      | Killed Duvessa
  9550 | D:7      | Killed Dowan
  9602 | D:7      | Reached skill level 8 in Earth Magic
  9719 | D:7      | Found Lefayxt's Distillery.
  9725 | D:7      | Bought a potion of haste for 120 gold pieces
  9733 | D:7      | You fall into a shaft and drop 3 floors!
  9733 | D:10     | Entered Level 10 of the Dungeon
  9866 | D:10     | Noticed an efreet
  9951 | D:10     | Learned a level 5 spell: Bolt of Magma
 10050 | D:10     | Noticed a boulder beetle
 10148 | D:9      | Noticed an efreet
 10152 | D:9      | Killed an efreet
 10153 | D:9      | Reached skill level 5 in Conjurations
 10153 | D:9      | Reached skill level 1 in Fire Magic
 10293 | D:9      | Shot with an arrow by a centaur

Illustrated notes

Levels and vault maps discovered:
D:1:      saegor_arrival_simple_a, layout_loops_ring, basic_ecumenical_altar,
          patterned_corridor
D:2:      layout_loops_ring, basic_altar
D:3:      layout_loops_ring, nemelex_diamond_rough_becter,
          cheibrodos_sewer_entry_drain, grunt_decor_clamped
D:4:      layout_gridville, corexii_checkpoint_a, uniq_eustachio
D:5:      layout_loops_corners, minmay_temple_entry_glassed_door
D:6:      layout_basic, nicolae_uskayaw_dance_studio, guppyfry_shop_venom
D:7:      layout_rooms, kennysheep_mini, serial_shops, shop, uniq_duvessa
D:9:      layout_cave_pods, david_orc_5, enter_bailey_4, minmay_diamond_spiral
D:10:     minmay_the_grid_triangle_9x9_rhombus_thin
          [minmay_the_grid_triangle_9x9_limited_checkers,
          minmay_the_grid_triangle_9x9_prize_center,
          minmay_the_grid_triangle_9x9_odd_lines,
          minmay_the_grid_triangle_9x9_minimal], layout_rooms
Temple:   regret_index_temple_sphere_string

Skill      XL: |  1  2  3  4  5  6  7  8  9 |
---------------+----------------------------+-----
Dodging        | 3 4 5 6 |  6.2
Earth Magic    | 4 5 6 7 8 |  8.5
Stealth        | 3 4 |  4.9
Fighting       | 1 2 3 |  3.9
Conjurations   | 1 2 3 4 5 |  5.2
Spellcasting   | 4 5 6 7 |  7.2
Hexes          | 1 4 6 |  6.4
Armour         | 1 |  1.7
Fire Magic     | 1 |  1.5
Transmutations | |  1.1

Action                   |  1- 3 |  4- 6 |  7- 9 || total
-------------------------+-------+-------+-------++-------
Melee: Dagger            |    31 |    25 |    40 ||    96
 Cast: Sandblast         |    23 |    37 |    54 ||   114
       Stone Arrow       |     5 |    34 |    86 ||   125
       Petrify           |       |     1 |     5 ||     6
       Passwall          |       |     1 |     2 ||     3
       Tukima's Dance    |       |       |     3 ||     3
  Use: Scroll            |       |     9 |    10 ||    19
       Potion            |       |       |     1 ||     1
 Stab: Sleeping          |     3 |     3 |     1 ||     7
       Distracted        |       |     1 |       ||     1
Armor: Robe              |     7 |    13 |    28 ||    48
       Acid dragon scale |       |       |     4 ||     4
Dodge: Dodged            |    26 |    16 |   113 ||   155
